 Dungeon Crawl Stone Soup version 0.19.0-9-gfd783f2 (webtiles) character file.

3808 tv1990 the Fighter (level 10, -5/91 HPs)
             Began as a Formicid Arcane Marksman on Nov 7, 2016.
             Hit by a large rock thrown by a cyclops (28 damage)
             ... on level 11 of the Dungeon.
             The game lasted 00:31:26 (7839 turns).

tv1990 the Fighter (Formicid Arcane Marksman)       Turns: 7839, Time: 00:31:27

Health: -5/91      AC: 13    Str: 16    XL:     10   Next: 39%
Magic:  11/11      EV:  7    Int: 17    God:
Gold:   393        SH:  0    Dex: 13    Spells: 1 memorised, 10 levels left

rFire  . . .     SeeInvis +     C - +0 trident (freeze)
rCold  + + .     Gourm    .     m - +1 chain mail {rN+}
rNeg   + + .     Faith    .     (no shield)
rPois  .         Spirit   .     (helmet unavailable)
rElec  .         Reflect  .     B - +0 cloak
rCorr  .         Harm     .     p - +2 pair of gloves of the Raven {rN+ Regen+ Int+4 Stlth-}
MR     +....                    (no boots)
Stlth  ..........               H - amulet of magic regeneration
                                G - ring of protection from cold
                                b - ring of protection from cold

@: no status effects
A: permanent stasis, dig shafts and tunnels, four strong arms, antennae 3
a: Dig, Shaft Self


You were on level 11 of the Dungeon.
You were not hungry.

You visited 2 branches of the dungeon, and saw 10 of its levels.

You collected 393 gold pieces.

Inventory:

Hand Weapons
 a - a +0 hand crossbow
 k - a +0 whip
 C - a +0 trident of freezing (weapon)
 I - a +0 flail
 L - a +3 long sword of freezing
Armour
 e - a +0 robe
 m - a +1 chain mail of positive energy (worn)
 p - the +2 pair of gloves of the Raven (worn) {rN+ Regen+ Int+4 Stlth-}
   (You found it on level 5 of the Dungeon)

   It affects your intelligence (+4).
   It protects you from negative energy.
   It increases your rate of regeneration.
   It makes you less stealthy.
 r - a +0 ring mail
 s - a +1 scale mail
 B - a +0 cloak (worn)
Jewellery
 b - a ring of protection from cold (left hand)
 G - a ring of protection from cold (right hand)
 H - an amulet of magic regeneration (around neck)
Wands
 t - a wand of paralysis (2/24)
 w - a wand of lightning (3/15)
 x - a wand of random effects (17/48)
 K - a wand of lightning (0/15)
Scrolls
 h - 2 scrolls of enchant armour
 q - a scroll of blinking
 y - 4 scrolls of remove curse
 D - 2 scrolls of fear
 E - 3 scrolls of identify
 J - 4 scrolls of amnesia
 M - 2 scrolls of noise
Potions
 j - 2 potions of degeneration
 l - a potion of cancellation
 n - a potion of berserk rage
 o - a potion of magic
 u - a potion of heal wounds
 v - 4 potions of flight
 A - a potion of resistance {unknown}
 F - 2 potions of agility {unknown}
 N - a potion of mutation {unknown}
Books
 c - a book of Debilitation

   Spells                             Type                      Level
   a - Corona                         Hexes                        1
   b - Slow                           Hexes                        2
   c - Gell's Gravitas                Hexes/Translocation          3
   d - Inner Flame                    Hexes/Fire                   3
   e - Cause Fear                     Hexes                        4
   f - Leda's Liquefaction            Hexes/Earth                  4
Comestibles
 f - 4 bread rations
 g - 3 slices of pizza
 i - 4 beef jerkies
 z - 3 meat rations


   Skills:
 * Level 12.7 Fighting
 + Level 8.2 Crossbows
 - Level 1.7 Dodging
 - Level 1.1 Spellcasting
 - Level 3.6 Hexes


You had 10 spell levels left.
You knew the following spells:

 Your Spells              Type           Power        Failure   Level  Hunger
a - Corona                Hex            ##.....      93%         1    ##.....


Dungeon Overview and Level Annotations

Branches:
Dungeon (8/15)             Temple (1/1) D:4
   Lair: D:8-11

Altars:
Ashenzari
Cheibriados
Dithmenos
Elyvilon
Fedhas
Gozag
Hepliaklqana
Kikubaaqudgha
Makhleb
Nemelex Xobeh
Qazlal
Ru
Sif Muna
Trog
Uskayaw
Vehumet
Xom
Yredelemnul
Zin
The Shining One

Annotations:
D:11 Grum


Innate Abilities, Weirdness & Mutations

You are under a permanent stasis effect.
You can dig through walls and to a lower floor.
Your four strong arms can wield two-handed weapons with a shield.
You have a pair of large antennae on your head. (SInv)


Message History

* * * LOW HITPOINT WARNING * * *
The wolf bites you.
* * * LOW HITPOINT WARNING * * *
Found a wand of random effects.
The wolf barely misses you. The wolf barely misses you.
The wolf barely misses you. The wolf barely misses you.
The kobold hits you but does no damage. The wolf closely misses you.
Grum points his finger and barks, "Attack!"
Found 15 bolts.
The kobold hits you but does no damage.
A troll comes into view.
The troll shouts!
The wolf barely misses you. The kobold barely misses you.
A cyclops comes into view.
The cyclops shouts!
The wolf bites you but does no damage.
The cyclops throws a large rock.
The large rock hits you!!
You die...

.......... .......C...........
#..................
#.................. ###
#T................. ....
#.................. P≈..
#..................
≈≈≈.###########..................
≈≈...........g.h@..(.............
.........C.h/.K..................
#####.########.##..####.#########
#.# #..#.PP.# #####{## ##P≈≈≈≈P.#
.....(.######P≈≈≈P≈♣≈≈# #####
........{.{..KP≈P♣♣♣≈P.. .....
########{.....P≈≈♣ ≈≈. .....
#{####.K≈≈ #####


You could see a hill giant, a cyclops, Grum, a troll, a black bear, a wolf and a
kobold.

Vanquished Creatures
  A water moccasin (D:6)
  2 ice beasts (D:5)
  An orc warrior (D:8)
  8 centaurs
  6 ogres
  4 phantoms
  2 bullfrogs
  A scorpion (D:5)
  6 killer bees (D:8)
  4 wights (D:5)
  3 howler monkeys
  A bullfrog zombie (D:6)
  2 crimson imps (D:6)
  2 centaur zombies
  2 orc priests
  2 hounds
  A bullfrog skeleton (D:6)
  A centaur skeleton (D:4)
  4 orc wizards
  Natasha (thrice) (D:3)
  2 iguanas
  5 worker ants
  A hound skeleton (D:8)
  4 gnolls
  10 adders
  An adder skeleton (D:6)
  3 worms
  7 leopard geckos
  11 orcs
  6 giant cockroaches
  4 goblins
  7 hobgoblins
  18 jackals
  6 quokkas
  A ball python (D:2)
  11 bats
  6 frilled lizards
  7 kobolds
  5 rats
171 creatures vanquished.

Notes
Turn   | Place    | Note
-------+----------+-------------------------------------------
     0 | D:1      | tv1990 the Formicid Arcane Marksman began the quest for the Orb.
     0 | D:1      | Reached XP level 1. HP: 15/15 MP: 2/2
   308 | D:1      | Reached skill level 2 in Fighting
   308 | D:1      | Reached XP level 2. HP: 22/22 MP: 3/3
   612 | D:1      | Reached XP level 3. HP: 13/28 MP: 4/4
   806 | D:1      | Reached skill level 3 in Fighting
  1619 | D:2      | Reached XP level 4. HP: 28/37 MP: 5/5
  1730 | D:2      | Found a faded altar of an unknown god.
  1880 | D:2      | Reached skill level 4 in Fighting
  2159 | D:3      | Reached XP level 5. HP: 36/42 MP: 6/6
  2213 | D:3      | Noticed Natasha
  2249 | D:3      | Killed Natasha
  2628 | D:3      | Noticed Natasha
  2635 | D:3      | Killed Natasha
  2681 | D:3      | Noticed Natasha
  2683 | D:3      | Killed Natasha
  2683 | D:3      | Reached skill level 5 in Fighting
  2683 | D:3      | Reached XP level 6. HP: 27/51 MP: 7/7
  3113 | D:3      | Noticed a phantom
  3116 | D:3      | Killed a phantom
  3223 | D:4      | Reached skill level 6 in Fighting
  3264 | D:4      | Found a staircase to the Ecumenical Temple.
  3271 | Temple   | Entered the Ecumenical Temple
  3339 | D:4      | Noticed an ogre
  3347 | D:4      | Killed an ogre
  3347 | D:4      | Reached XP level 7. HP: 26/59 MP: 8/8
  3801 | D:4      | Reached skill level 7 in Fighting
  4087 | D:4      | Found a deep blue altar of Sif Muna.
  4254 | D:4      | Reached XP level 8. HP: 36/68 MP: 9/9
  4674 | D:5      | Entered Level 5 of the Dungeon
  4674 | D:5      | Found a sparkling altar of Nemelex Xobeh.
  4738 | D:5      | Reached skill level 8 in Fighting
  4739 | D:5      | Got a pair of dazzling gloves
  4745 | D:5      | Identified the +2 pair of gloves of the Raven {rN+ Regen+ Int+4 Stlth-} (You found it on level 5 of the Dungeon)
  4906 | D:5      | Reached skill level 5 in Crossbows
  5188 | D:5      | Found a shadowy altar of Dithmenos.
  5241 | D:5      | Reached skill level 9 in Fighting
  5339 | D:6      | Found a bloodstained altar of Trog.
  5383 | D:6      | Reached XP level 9. HP: 78/78 MP: 10/10
  5458 | D:6      | Found a shattered altar of Ashenzari.
  5502 | D:6      | Reached skill level 10 in Fighting
  5717 | D:6      | Found an opulent altar of Gozag.
  5889 | D:6      | Found a glowing golden altar of the Shining One.
  6132 | D:6      | Reached skill level 11 in Fighting
  6969 | D:8      | Reached XP level 10. HP: 58/88 MP: 11/11
  7185 | D:8      | Reached skill level 12 in Fighting
  7573 | D:8      | You fall through a shaft for 3 floors!
  7712 | D:11     | Noticed a hill giant
  7725 | D:11     | Noticed Grum
  7838 | D:11     | Noticed a cyclops
  7839 | D:11     | Hit by a large rock thrown by a cyclops

Skill      XL: |  1  2  3  4  5  6  7  8  9 10 |
---------------+-------------------------------+-----
Fighting       | 2 3 4 5 6 7 9 11 12 | 12.7
Crossbows      | 3 4 6 7 8 |  8.2
Dodging        | |  1.7
Spellcasting   | |  1.1
Hexes          | |  3.6

Action                   |  1- 3 |  4- 6 |  7- 9 | 10-12 || total
-------------------------+-------+-------+-------+-------++-------
Melee: Hand axe          |    15 |       |       |       ||    15
       Whip              |   110 |   151 |    94 |       ||   355
       Flail             |       |       |   128 |       ||   128
       Trident           |       |       |    30 |   120 ||   150
 Fire: Hand crossbow     |    20 |    62 |   216 |    16 ||   314
 Abil: Dig               |       |     3 |     5 |     5 ||    13
       Shaft Self        |       |       |       |     1 ||     1
Evoke: Wand              |       |       |       |     4 ||     4
  Use: Scroll            |       |       |    16 |       ||    16
       Potion            |       |       |     1 |     2 ||     3
  Eat: Chunk             |     2 |     7 |    12 |     4 ||    25
Armor: Robe              |    12 |       |       |       ||    12
       Scale mail        |    25 |   116 |       |       ||   141
       Ring mail         |    13 |       |       |       ||    13
       Chain mail        |       |       |   256 |   144 ||   400
Dodge: Dodged            |    98 |    96 |   147 |    87 ||   428

Table legend:
 A = Turns spent in this place as a percentage of turns spent in the entire game.
 B = Non-inter-level travel turns spent in this place as a percentage of non-inter-level travel turns spent in the entire game.
 C = Inter-level travel turns spent in this place as a percentage of turns spent in this place.
 D = Turns resting spent in this place as a percentage of non-inter-level travel turns spent in this place.
 E = Turns spent auto-exploring this place as a percentage of non-inter-level travel turns spent in this place.
 F = Non-inter-level travel turns spent in this place divided by the number of levels of this place that you've seen.
                   A       B       C       D       E      F
               +-------+-------+-------+-------+-------+----------------------
         Total | 100.0 | 100.0 |   0.4 |   3.1 |  14.6 | 214.4
       Dungeon |  98.7 |  98.8 |   0.4 |   3.2 |  14.6 | 235.3
        Temple |   1.3 |   1.2 |   3.7 |   0.0 |   7.7 |  26.0
               +-------+-------+-------+-------+-------+----------------------

Table legend:
 A = Kills in this place as a percentage of kills in entire the game.
 B = Kills by you in this place as a percentage of kills by you in the entire game.
 C = Kills by friends in this place as a percentage of kills by friends in the entire game.
 D = Other kills in this place as a percentage of other kills in the entire game.
 E = Experience gained in this place as a percentage of experience gained in the entire game.
 F = Experience gained in this place divided by the number of levels of this place that you have seen.
                   A       B       C       D       E      F
               +-------+-------+-------+-------+-------+----------------------
         Total | 100.0 | 100.0 |  -nan |  -nan | 100.0 | 544.1
       Dungeon | 100.0 | 100.0 |  -nan |  -nan | 100.0 | 604.6
               +-------+-------+-------+-------+-------+----------------------

Vault maps used:
D:1:      lightli_arrival_windingriver
D:2:      ecumenical_altar_2, glass_columns_b
D:3:      uniq_natasha
D:4:      kennysheep_mini, first_bread
D:5:      marbit_many_paths, nemelex_xobeh_ov_fountains_minmay,
          minmay_strange_pillars, kennysheep_generic_room_16
D:6:      cheibrodos_helix_gallery, evilmike_ruin_ashenzari,
          overflow_temple_1_default, bloody_trog, kennysheep_little_box
D:8:      kennysheep_okawaru_gauntlet
D:11:     serial_bayou, serial_bayou_pond_e, serial_bayou_pond_e,
          serial_bayou_pond_d, serial_bayou_crossing, serial_bayou_lagoon_a,
          serial_bayou_pond_c, grunt_ogre_cave, hangedman_weighted_door,
          minivault_23, uniq_grum
Temple:   cyrus_circular_temple
